 Dungeon Crawl Stone Soup version 0.29.0-4-gdea44cf6ec (webtiles) character file.

Game seed: 16951984717772077614

66 qw the Chopper (level 4, 0/26 HPs)
             Began as a Tengu Warper on Aug 28, 2022.
             Slain by Natasha (8 damage)
             ... on level 3 of the Dungeon.
             The game lasted 00:00:10 (2037 turns).

qw the Chopper (Tengu Warper)                       Turns: 2037, Time: 00:00:10

Health: 0/26       AC:  5    Str: 13    XL:     4   Next: 15%
Magic:  8/8        EV: 11    Int: 13    God:
Gold:   171        SH:  0    Dex: 14    Spells: 7/7 levels left

rFire   . . .      SeeInvis .   Y - +1 hand axe
rCold   . . .      Faith    .   (no shield)
rNeg    . . .      Spirit   .   f - +0 ring mail
rPois   .          Reflect  .   (helmet restricted)
rElec   .          Harm     .   (no cloak)
rCorr   .          Rampage  .   (no gloves)
Will    .....                   (boots unavailable)
Stlth   +.........              (no amulet)
HPRegen 0.08/turn               (no ring)
MPRegen 0.11/turn               (no ring)

@: no status effects
A: beak, talons 3
a: no special abilities


You were on level 3 of the Dungeon.
You visited 1 branch of the dungeon, and saw 3 of its levels.

You collected 171 gold pieces.


Innate Abilities, Weirdness & Mutations

You have a beak for a mouth.
You have claws for feet.


   Skills:
 - Level 2.0 Fighting
 + Level 4.7 Axes
 - Level 1.0 Throwing
 - Level 1.1 Armour
 - Level 2.1 Dodging
 - Level 2.0 Spellcasting
 - Level 2.4 Translocations


You had 7 spell levels left.
You didn't know any spells.
Your spell library contained the following spells:

 Spells                   Type           Power      Damage    Failure   Level
 Blink                    Tloc           14%        N/A       30%         2
 Gell's Gravitas          Tloc           7%         N/A       52%         3
 Lesser Beckoning         Tloc           7%         N/A       52%         3
 Teleport Other           Tloc           7%         N/A       52%         3
 Manifold Assault         Tloc           7%         N/A       99%         5

Inventory:

Hand Weapons
 d - a +0 club
 Y - a +1 hand axe (weapon)
Armour
 f - a +0 ring mail (worn)
Potions
 b - a potion of heal wounds {unknown}
 e - a potion of degeneration {unknown}

Dungeon Overview and Level Annotations

Branches:
Dungeon (3/15)

Altars:
Nemelex Xobeh

Annotations:
D:3 Natasha, Robin


Message History

Done exploring.
(D) Dungeon
Where to? (* - list waypoints, Enter - D:2, ? - help)
What level of the Dungeon? (default 1, ? - help)
There is a stone staircase leading down here.
You climb downwards.
The goblin shouts! x2; You hear a shout! x3
There is a stone staircase leading up here.
There are monsters nearby!
Existing waypoints: (1) D:2 (2) D:1 Assign waypoint to what number? (0-9, D - delete waypoint) Waypoint 2 re-assigned from D:1 to D:3.
You hear a shout! x3
Natasha, Servant of Life and Death comes into view.
Natasha hisses angrily.
Natasha moves out of view.
Found a stone staircase leading down.
Natasha stares at you and mumbles some strange words.
The magic dart hits you!
Natasha hisses.
Natasha claws you.
You hit Natasha.
Natasha is moderately wounded.
Natasha closely misses you.
A goblin comes into view. It is wielding a +0 club.
You hit Natasha. Your kick misses Natasha.
Natasha is heavily wounded.
Natasha closely misses you.
A hobgoblin comes into view.
You closely miss Natasha. You claw Natasha.
Natasha is severely wounded.
Natasha closely misses you.
You hit Natasha but do no damage. You punch Natasha, but do no damage.
Natasha is severely wounded.
Natasha claws you.
Robin of the Strong Arm comes into view.
They are wielding a +2 spectral club.
2037 ||| Stepping ~*~*~tactically~*~*~ (hiding).
Natasha attacks as you move away! Natasha claws you!
You die...

.... ... ...
~ ..# # ~.
#.#.#
.g##.###.#.#
g.g...h...#
##.###@###..#
#...<.......#
#..#.##.##.##
#. #.. ... #
####.#^.#
>..... ##
####


You could see Robin, Natasha, a hobgoblin and a goblin.

Vanquished Creatures
  A gnoll (D:1)
  2 adders (D:2)
  3 endoplasms
  3 giant cockroaches
  3 goblins
  A hobgoblin (D:1)
  3 jackals (D:2)
  4 quokkas
  5 ball pythons
  5 bats
  2 frilled lizards (D:1)
  2 kobolds (D:1)
  2 rats (D:1)
36 creatures vanquished.

Notes
Turn   | Place    | Note
-------+----------+-------------------------------------------
     0 | D:1      | qw the Tengu Warper began the quest for the Orb.
     0 | D:1      | Reached XP level 1. HP: 12/12 MP: 4/4
     0 | D:1      | 0 ||| qw: Version: 0.1-a-89-g26bdef1
     0 | D:1      | 0 ||| qw: Game counter: 1582
     0 | D:1      | 0 ||| qw: Always use a shield: true
     0 | D:1      | 0 ||| qw: God list: Okawaru
     0 | D:1      | 0 ||| qw: Allow faded altars: false
     0 | D:1      | 0 ||| qw: Do Orc after D:15 true
     0 | D:1      | 0 ||| qw: Do second Lair branch before Depths: true
     0 | D:1      | 0 ||| qw: Lair rune preference: random
     0 | D:1      | 0 ||| qw: Plans: Normal
     0 | D:1      | 0 ||| PLANNING D:1-11
    73 | D:1      | 73 ||| Stepping ~*~*~tactically~*~*~ (stealth).
    81 | D:1      | 81 ||| Stepping ~*~*~tactically~*~*~ (stealth).
   100 | D:1      | 100 ||| Stepping ~*~*~tactically~*~*~ (stealth).
   103 | D:1      | 103 ||| Stepping ~*~*~tactically~*~*~ (stealth).
   105 | D:1      | 105 ||| Stepping ~*~*~tactically~*~*~ (stealth).
   109 | D:1      | 109 ||| Stepping ~*~*~tactically~*~*~ (stealth).
   118 | D:1      | Reached skill level 3 in Axes
   118 | D:1      | Reached XP level 2. HP: 12/17 MP: 6/6
   132 | D:1      | 132 ||| Stepping ~*~*~tactically~*~*~ (stealth).
   133 | D:1      | 133 ||| Stepping ~*~*~tactically~*~*~ (stealth).
   153 | D:1      | 153 ||| Stepping ~*~*~tactically~*~*~ (stealth).
   195 | D:1      | 195 ||| Stepping ~*~*~tactically~*~*~ (stealth).
   291 | D:1      | 291 ||| Stepping ~*~*~tactically~*~*~ (stealth).
   293 | D:1      | 293 ||| Stepping ~*~*~tactically~*~*~ (stealth).
   299 | D:1      | 299 ||| Stepping ~*~*~tactically~*~*~ (stealth).
   301 | D:1      | 301 ||| Stepping ~*~*~tactically~*~*~ (stealth).
   304 | D:1      | 304 ||| Stepping ~*~*~tactically~*~*~ (stealth).
   306 | D:1      | 306 ||| Stepping ~*~*~tactically~*~*~ (stealth).
   437 | D:1      | Reached XP level 3. HP: 19/21 MP: 7/7
   887 | D:1      | Reached skill level 4 in Axes
  1158 | D:1      | 1158 ||| UPGRADING to +0 ring mail.
  1168 | D:1      | 1168 ||| DROPPING +0 leather armour.
  1169 | D:1      | 1169 ||| READING scroll labelled SUH ZASITHITORCH.
  1170 | D:1      | 1170 ||| READING scroll labelled FOIFEHO SIPIEL.
  1171 | D:1      | 1171 ||| READING scroll labelled HAASMO CUCWI.
  1172 | D:1      | 1172 ||| READING scroll labelled SEUSIE PAMOMO.
  1173 | D:1      | 1173 ||| DROPPING scroll of blinking.
  1424 | D:2      | 1424 ||| Stepping ~*~*~tactically~*~*~ (stealth).
  1600 | D:2      | Found a faded altar of an unknown god.
  1656 | D:2      | Reached XP level 4. HP: 26/26 MP: 8/8
  1668 | D:2      | Found a sparkling altar of Nemelex Xobeh.
  1847 | D:2      | 1847 ||| READING scroll labelled KERAMM BOTHRIE.
  1848 | D:2      | 1848 ||| READING scroll labelled DOBLAOCWOP.
  2030 | D:3      | Noticed Natasha
  2036 | D:3      | Noticed Robin
  2037 | D:3      | 2037 ||| Stepping ~*~*~tactically~*~*~ (hiding).
  2037 | D:3      | Slain by Natasha

Levels and vault maps discovered:
D:1:      sevenhm_arrival_forest_fort_large_2, layout_basic, chequers_garden,
          minmay_heptomino_h4
D:2:      layout_loops_cross, ebering_ecumenical_altar_hall, basic_altar
D:3:      corexii_shack_village, layout_basic,
          mainiacjoe_overflow_concentric_impassable,
          mainiacjoe_overflow_24_doors, hangedman_decor_clover_reticule,
          uniq_natasha, uniq_robin, uniq_sigmund

Skill      XL: |  1  2  3 |
---------------+----------+-----
Axes           | 3 4 |  4.7
Fighting       | |  2.0
Throwing       | |  1.0
Armour         | |  1.1
Dodging        | |  2.1
Spellcasting   | |  2.0
Translocations | |  2.4

Action                   |  1- 3 |  4- 6 || total
-------------------------+-------+-------++-------
Melee: Hand axe          |    76 |     9 ||    85
       Kick              |    25 |     2 ||    27
       Peck              |     8 |       ||     8
       Punch             |     2 |     1 ||     3
Throw: Boomerang         |     7 |       ||     7
  Use: Scroll            |     4 |     2 ||     6
Armor: Leather armour    |     6 |       ||     6
       Ring mail         |     7 |     2 ||     9
Dodge: Dodged            |    42 |     5 ||    47

Table legend:
 A = Non-vault XP
 B = Vault XP
 C = Vault XP percentage of total XP
 D = Non-vault monster count
 E = Vault monster count
 F = Vault count percentage of total count
                 A         B        C        D         E       F
            +---------+---------+-------+---------+---------+-------
      Total |      76 |      19 |  20.0 |      32 |       4 |  11.1
            +---------+---------+-------+---------+---------+-------
        D:1 |      29 |      19 |  39.6 |      19 |       4 |  17.4
        D:2 |      47 |       0 |   0.0 |      13 |       0 |   0.0
            +---------+---------+-------+---------+---------+-------
